 Dungeon Crawl Stone Soup version 0.31-a0-8-gd14b0f4ee2 (webtiles) character file.

Game seed: 9595993193071218142

32 senseless the Shooter (level 3, -6/28 HPs)
             Began as a Formicid Hunter on May 6, 2023.
             Mangled by a gnoll
             ... wielding a +0 flail
              (7 damage)
             ... on level 2 of the Dungeon.
             The game lasted 00:01:43 (775 turns).

senseless the Shooter (Formicid Hunter)              Turns: 775, Time: 00:01:44

Health: -6/28      AC:  3    Str: 15    XL:     3   Next: 45%
Magic:  3/3        EV: 12    Int:  8    God:
Gold:   29         SH:  0    Dex: 19    Spells: 2/2 levels left

rFire   . . .        a - +0 shortbow
rCold   . . .        (no shield)
rNeg    . . .        c - +0 leather armour
rPois   .            (helmet unavailable)
rElec   .            (no cloak)
rCorr   .            (no gloves)
SInv    +            (no boots)
Will    .....        (no amulet)
Stlth   ++           (no ring)
HPRegen 0.24/turn    (no ring)
MPRegen 0.08/turn

%: no passive effects
@: no status effects
A: permanent stasis, dig shafts and tunnels, antennae 3, four strong arms
a: Dig, Shaft Self


You were on level 2 of the Dungeon.
You visited 1 branch of the dungeon, and saw 2 of its levels.

You collected 29 gold pieces.

Inventory:

Hand Weapons
 a - a +0 shortbow (weapon)
Missiles
 k - 2 boomerangs of dispersal
Armour
 c - a +0 leather armour (worn)
 j - a +0 chain mail
Scrolls
 b - a scroll of immolation
 d - a scroll of teleportation {unknown}
 f - 2 scrolls of identify {unknown}
 i - a scroll of brand weapon {unknown}
Potions
 e - 2 potions of brilliance {unknown}
 g - 2 potions of mutation {unknown}
 h - a potion of curing {unknown}


   Skills:
 + Level 2.9 Fighting
 + Level 4.3 Ranged Weapons
 + Level 2.3 Dodging
 - Level 1.2 Stealth


You had 2 spell levels left.
You didn't know any spells.
Your spell library was empty.

Dungeon Overview and Level Annotations

Branches:
Dungeon (2/15)

Altars:


Innate Abilities, Weirdness & Mutations

You cannot be hasted, slowed, berserked, paralysed or teleported.
You can dig through walls and to a lower floor.
You have a pair of large antennae on your head. (SInv)
Your four strong arms can wield two-handed weapons with a shield.


Message History

The gnoll shouts!
A gnoll comes into view. It is wielding a +0 flail.
You struggle against the net.
The gnoll shouts!
You shred the net and break free! You shoot an arrow. The arrow hits the gnoll.
The gnoll is heavily wounded.
The gnoll throws a throwing net.
The throwing net hits you.
You become entangled in the net!
You are held in a net!
You are held in a net!
You struggle against the net.
You tear a large gash into the net.
The gnoll barely misses you.
You rip the net and break free!
The gnoll hits you with a +0 flail.
You shoot an arrow.
The arrow hits the gnoll but does no damage.
The gnoll is heavily wounded.
The gnoll hits you with a +0 flail!
You are too injured to fight recklessly!
You are too injured to fight recklessly!
You are too injured to fight recklessly!
You are too injured to fight recklessly!
You shoot an arrow.
The arrow hits the gnoll but does no damage.
The gnoll is heavily wounded.
The gnoll barely misses you.
You shoot an arrow. The arrow barely misses the gnoll.
The arrow closely misses the gnoll.
The gnoll hits you but does no damage.
You shoot an arrow.
The arrow hits the gnoll but does no damage.
The gnoll hits you with a +0 flail.
* * * LOW HITPOINT WARNING * * *
You shoot an arrow. The arrow hits the gnoll!
The gnoll is severely wounded.
The gnoll closely misses you.
You shoot an arrow. The arrow completely misses the gnoll.
The arrow barely misses the gnoll.
The gnoll hits you with a +0 flail!
* * * LOW HITPOINT WARNING * * *
The gnoll hits you with a +0 flail!
You die...

#.# ##### #.#
#...# #.# #.#.#
#.# #.#.# #.#
#.#.# #g# #.#.#
#g# #.#.# #@#{
#.#.# #.# #.#<#
#.#
#.#########.####
#...........†..#
###########.##.#
#.##.#
###########.##.#
#...........##.#


You could see 2 gnolls.

Vanquished Creatures
  A dart slug (D:1)
  2 ball pythons
  5 endoplasms (D:1)
  A giant cockroach (D:1)
  2 goblins (D:1)
  5 hobgoblins (D:1)
  2 kobolds
  3 bats (D:1)
  4 frilled lizards (D:1)
  3 rats (D:1)
28 creatures vanquished.

Notes
Turn   | Place    | Note
-------+----------+-------------------------------------------
     0 | D:1      | senseless the Formicid Hunter began the quest for the Orb.
     0 | D:1      | Reached XP level 1. HP: 16/16 MP: 1/1
    62 | D:1      | Reached XP level 2. HP: 23/23 MP: 2/2
   219 | D:1      | Reached XP level 3. HP: 28/28 MP: 3/3
   775 | D:2      | HP: 1/28 [gnoll/+0 flail (7)]
   775 | D:2      | Mangled by a gnoll

Illustrated notes

Levels and vault maps discovered:
D:1:      scummos_arrival_simple_crosswalls, layout_loops_ring,
          minmay_pentomino_q2
D:2:      layout_basic, serial_shops, shop, interstate_on_off,
          kennysheep_generic_room_14, uniq_robin

Skill      XL: |  1 |
---------------+----+-----
Dodging        | 2 |  2.3
Fighting       | |  2.9
Ranged Weapons | |  4.3
Stealth        | |  1.2

Action                     || total
---------------------------++-------
   Fire: Shortbow          ||    66
 Armour: Leather armour    ||     9
  Dodge: Dodged            ||    17

Table legend: (Time is in decaauts)
 A = Elapsed time spent in this place.
 B = Non-inter-level travel time spent in this place.
 C = Inter-level travel time spent in this place.
 D = Time resting spent in this place.
 E = Time spent auto-exploring this place.
 F = Levels seen in this place.
 G = Mean time per level.
                   A        B        C        D        E       F      G
               +--------+--------+--------+--------+--------+-----+--------+
         Total |    795 |    731 |     64 |      0 |    573 |   2 |  397.5 |
       Dungeon |    795 |    731 |     64 |      0 |    573 |   2 |  397.5 |
               +--------+--------+--------+--------+--------+-----+--------+

Top non-repeatable levels by time:
     D:1: 672 daAuts
     D:2: 123 daAuts
